 Dungeon Crawl Stone Soup version 0.22-b1-21-g5cfc168 (webtiles) character file.

15 letownia2 the Insei (level 2, 0/21 HPs)
             Began as a Demonspawn Transmuter on Aug 3, 2018.
             Slain by a goblin (3 damage)
             ... on level 2 of the Dungeon.
             The game lasted 00:00:58 (412 turns).

letownia2 the Insei (Demonspawn Transmuter)          Turns: 412, Time: 00:00:59

Health: 0/21       AC:  2    Str: 10    XL:     2   Next: 34%
Magic:  4/5        EV: 12    Int: 14    God:
Gold:   39         SH:  0    Dex: 13    Spells: 4/5 levels left

rFire    . . .     SeeInvis .     - Unarmed
rCold    . . .     Gourm    .   (no shield)
rNeg     . . .     Faith    .   b - +0 robe
rPois    .         Spirit   .   (no helmet)
rElec    .         Reflect  .   (no cloak)
rCorr    .         Harm     .   (no gloves)
MR       .....                  (no boots)
Stlth    +.........             (no amulet)
HPRegen  0.07/turn              (no ring)
MPRegen  0.09/turn              (no ring)

@: appendage (expiring)
A: horns 2, powered by pain 1
a: End Transformation


You were on level 2 of the Dungeon.
You were not hungry.
You had grown temporary horns.
You visited 1 branch of the dungeon, and saw 2 of its levels.

You collected 39 gold pieces.

Inventory:

Missiles
 a - 12 arrows
Armour
 b - a +0 robe (worn)
Scrolls
 f - a scroll of remove curse {unknown}
 g - a scroll of teleportation {unknown}
 h - a scroll of amnesia {unknown}
Potions
 c - 2 potions of brilliance {unknown}
 e - a potion of degeneration {unknown}
Comestibles
 d - a ration


   Skills:
 - Level 1.0 Fighting
 - Level 1.7 Dodging
 + Level 3.4 Unarmed Combat
 - Level 2.0 Spellcasting
 - Level 1.7 Transmutations


You had 4 spell levels left.
You knew the following spells:

 Your Spells              Type           Power        Failure   Level  Hunger
a - Beastly Appendage     Tmut           #.....       12%         1    ##.....

Your spell library contained the following spells:

 Spells                   Type           Power        Failure   Level  Hunger
 Spider Form              Tmut/Pois      #.........   45%         3    ####...
 Blade Hands              Tmut           #.........   97%         5    ######.
 Ice Form                 Ice/Tmut       #.......     86%         4    #####..
 Sticks to Snakes         Tmut           #.......     17%         2    ###....


Dungeon Overview and Level Annotations

Branches:
Dungeon (2/15)

Altars:


Innate Abilities, Weirdness & Mutations

You sometimes gain a little power by taking damage.
You have a pair of horns on your head.


Message History

You barely miss the hobgoblin. The hobgoblin closely misses you.
The goblin hits you.
You are too injured to fight recklessly!
You are too injured to fight recklessly!
You hit the hobgoblin.
The hobgoblin is heavily wounded.
The goblin hits you.
The hobgoblin hits you but does no damage.
You hit the hobgoblin but do no damage.
The hobgoblin is heavily wounded.
The goblin hits you but does no damage. The hobgoblin closely misses you.
You hit the hobgoblin but do no damage. Your headbutt misses the hobgoblin.
The hobgoblin is heavily wounded.
The goblin closely misses you.
You barely miss the hobgoblin. Your punch misses the hobgoblin.
The hobgoblin is heavily wounded.
The hobgoblin hits you with a club!
* * * LOW HITPOINT WARNING * * *
The goblin hits you.
You die...

.......... ....(....#
.........# .........##
.......).. ## .........#
#.. ......gg.##
#####.#.........@..#
#...#.#............#
#...#.#............#
#...#.#..........(.#
#...#.#...........[#
#.....#............#
#####.#............#
#.....#............######
#.###...................#


You could see a hobgoblin and a goblin.

Vanquished Creatures
  An ooze (D:1)
  2 bats (D:1)
  A goblin (D:2)
  2 hobgoblins (D:1)
  2 kobolds (D:1)
  A frilled lizard (D:1)
  2 rats (D:1)
11 creatures vanquished.

Notes
Turn   | Place    | Note
-------+----------+-------------------------------------------
     0 | D:1      | letownia2 the Demonspawn Transmuter began the quest for the Orb.
     0 | D:1      | Reached XP level 1. HP: 15/15 MP: 3/3
   106 | D:1      | Reached skill level 3 in Unarmed Combat
   207 | D:1      | Gained mutation: You sometimes gain a little power by taking damage. [demonic ancestry]
   207 | D:1      | Reached XP level 2. HP: 11/21 MP: 3/5
   412 | D:2      | Slain by a goblin

Skill      XL: |  1 |
---------------+----+-----
Unarmed Combat | 3 |  3.4
Fighting       | |  1.0
Dodging        | |  1.7
Spellcasting   | |  2.0
Transmutations | |  1.7

Action                   || total
-------------------------++-------
Melee: Unarmed           ||    28
       Kick              ||     5
       Headbutt          ||     2
 Cast: Beastly Appendage ||    10
Armor: Robe              ||     6
Dodge: Dodged            ||    12
